[Event "Titled Tuesday Blitz February 15 Early 2022"]
[White "Vusatiuk, Vladimir"]
[Black "Singh, Ojasva"]
[WhiteFideId "14118610"]
[BlackFideId "25681958"]
[WhiteElo "2157"]
[BlackElo "1741"]
[Result "0-1"]
[Round "02"]
[TimeControl "180+1"]
[Date "2022.02.15"]
[WhiteClock "0:01:16"]
[BlackClock "0:00:58"]

1. d4 d5 2. c4 c6 3. cxd5 cxd5 4. Bf4 Nf6 5. e3 Nc6 6. Nc3 Bf5 7. Qb3 Qd7 8. Nf3 e6 9. Bb5 Bd6 10. Ne5 Bxe5 11. Bxe5 O-O 12. Na4 Qe7 13. Bxc6 bxc6 14. Rc1 Rfc8 15. Nc5 Nd7 16. Nxd7 Qxd7 17. O-O f6 18. Bg3 Qe7 19. Rc5 e5 20. dxe5 Qxc5 21. exf6 gxf6 22. Rd1 Bc2 23. Qa4 Bxa4 0-1


[Site "https://www.chess.com"]

[Event "Titled Tuesday Blitz February 15 Early 2022"]
[White "Wagh Suyog"]
[Black "Leve, Nitai"]
[WhiteFideId "25071688"]
[BlackFideId "2006898"]
[WhiteElo "2181"]
[BlackElo "2144"]
[Result "1-0"]
[Round "02"]
[TimeControl "180+1"]
[Date "2022.02.15"]
[WhiteClock "0:00:09"]
[BlackClock "0:00:04"]

1. e4 e6 2. d4 d5 3. Nd2 Nf6 4. e5 Nfd7 5. f4 c5 6. Ndf3 Nc6 7. c3 cxd4 8. cxd4 Qb6 9. Ne2 f6 10. exf6 Nxf6 11. g3 Ne4 12. Bg2 Bb4+ 13. Kf1 O-O 14. a3 Bd6 15. Nc3 Bd7 16. Nxe4 dxe4 17. Ng5 Nxd4 18. Be3 e5 19. Bxe4 h6 20. Nf3 Bh3+ 21. Kf2 Qxb2+ 22. Qd2 Qxd2+ 23. Nxd2 exf4 24. Bxd4 fxg3+ 25. Ke2 g2 26. Rhb1 Rae8 27. Rxb7 Rf1 28. Rab1 Rxe4+ 29. Nxe4 Bg4+ 30. Ke3 Bf4+ 31. Kd3 Bf5 32. Rb8+ Kh7 33. R8b7 Bxh2 34. Rxg7+ Kh8 35. Rb8+ Bxb8 36. Rg6+ Kh7 37. Rg7+ Kh8 38. Rxg2+ Kh7 39. Rg7+ Kh8 40. Rg1+ Kh7 41. Rxf1 Bxe4+ 42. Kxe4 1-0


[Site "https://www.chess.com"]

[Event "Titled Tuesday Blitz February 15 Early 2022"]
[White "Wang, Michael"]
[Black "Kiolbasa, Oliwia"]
[WhiteFideId "2079186"]
[BlackFideId "1154613"]
[WhiteElo "2201"]
[BlackElo "2190"]
[Result "0-1"]
[Round "02"]
[TimeControl "180+1"]
[Date "2022.02.15"]
[WhiteClock "0:00:04"]
[BlackClock "0:00:03"]

1. d4 d5 2. Nf3 Nf6 3. c4 e6 4. g3 dxc4 5. Bg2 c5 6. O-O Nc6 7. Be3 Ng4 8. Na3 Nxe3 9. fxe3 Be7 10. Nxc4 O-O 11. Rc1 Rb8 12. Nfe5 Nxe5 13. dxe5 Bg5 14. a4 b6 15. h4 Bh6 16. Rc3 Qxd1 17. Rxd1 Ba6 18. Rd7 Rfd8 19. Rxa7 Bxc4 20. Rxc4 Bxe3+ 21. Kh2 Bd4 22. b4 cxb4 23. Rxb4 Bxe5 24. a5 bxa5 25. Rxb8 Rxb8 26. Rxa5 Bd6 27. Bf3 g6 28. Kg2 h5 29. Ra7 Kg7 30. Rd7 Be5 31. Rd3 Kf6 32. Re3 Rb4 33. Rd3 Rb1 34. Rd2 Bc3 35. Rc2 Bb4 36. Ra2 Bc5 37. Rc2 Bd4 38. Rc4 e5 39. Rc7 Ke6 40. Rc6+ Kd7 41. Rc2 f5 42. e4 Rg1+ 43. Kh2 Rf1 44. Bg2 Re1 45. Bh3 Ke6 46. exf5+ gxf5 47. Rc6+ Kd5 48. Rh6 Bg1+ 49. Kg2 f4 50. gxf4 exf4 51. Rxh5+ Ke4 52. Bg4 Be3 53. Bf3+ Kd4 54. Rd5+ Kc4 55. h5 Rg1+ 56. Kh2 Rg3 57. Bh1 Bg1# 0-1


[Site "https://www.chess.com"]

[Event "Titled Tuesday Blitz February 15 Early 2022"]
[White "Wartiovaara, Oliver"]
[Black "Goryachkina, Aleksandra"]
[WhiteFideId "513024"]
[BlackFideId "4147103"]
[WhiteElo "1971"]
[BlackElo "2426"]
[Result "1/2-1/2"]
[Round "02"]
[TimeControl "180+1"]
[Date "2022.02.15"]
[WhiteClock "0:00:10"]
[BlackClock "0:00:04"]

1. d4 Nf6 2. c4 e6 3. g3 c5 4. d5 exd5 5. cxd5 d6 6. Bg2 g6 7. Nc3 Bg7 8. Nf3 O-O 9. O-O Re8 10. Bf4 Ne4 11. Nxe4 Rxe4 12. Nd2 Rxf4 13. gxf4 Bxb2 14. Rb1 Bg7 15. Nc4 b6 16. a4 Ba6 17. Qc2 Qf6 18. e3 Nd7 19. Rfe1 Re8 20. Na3 g5 21. fxg5 Qxg5 22. Nb5 Bxb5 23. axb5 Nf6 24. f4 Qh5 25. Qd1 Qh4 26. Qf3 Ng4 27. Qg3 Qxg3 28. hxg3 Nxe3 29. Kf2 Bd4 30. Kf3 c4 31. Rbc1 Kf8 32. Bf1 c3 33. Rxc3 Nxf1 34. Rxe8+ Kxe8 35. Rc7 Nd2+ 36. Kg4 Ne4 37. Rxa7 Nf6+ 38. Kf5 Nd7 39. Ra8+ Ke7 40. Ra7 h6 41. g4 Bc5 42. g5 hxg5 43. fxg5 Bd4 44. Rb7 Kd8 45. Ra7 Ke8 46. Ra8+ Ke7 47. Ra7 Bc5 48. Ra8 Be3 49. Ra7 Bd2 50. Ra8 Bc1 51. Ra7 Bd2 52. Rb7 Be3 53. Ra7 Bc5 54. Rb7 Bd4 55. Ra7 Be3 56. Rb7 Bd2 57. Ra7 Bc1 58. Rb7 Be3 59. Ra7 1/2-1/2


[Site "https://www.chess.com"]

[Event "Titled Tuesday Blitz February 15 Early 2022"]
[White "Weetik, Vjacheslav"]
[Black "Lazavik, Denis"]
[WhiteFideId "4153472"]
[BlackFideId "13515110"]
[WhiteElo "2469"]
[BlackElo "2436"]
[Result "1-0"]
[Round "02"]
[TimeControl "180+1"]
[Date "2022.02.15"]
[WhiteClock "0:00:06"]
[BlackClock "0:00:07"]

1. d4 d5 2. Bf4 Nf6 3. e3 e6 4. Nd2 Bd6 5. Ngf3 O-O 6. Bg3 b6 7. Bd3 Bb7 8. Bh4 Nbd7 9. Qe2 e5 10. dxe5 Nxe5 11. Nxe5 Bxe5 12. c3 Re8 13. Nf3 Bd6 14. O-O Be7 15. Rfd1 Nd7 16. Bg3 Nc5 17. Bf5 Bd6 18. Nd4 Bxg3 19. hxg3 Qf6 20. Qf3 g6 21. Bc2 Kg7 22. g4 Qe5 23. Qf4 h6 24. b4 Qxf4 25. exf4 Ne6 26. Ba4 Nxd4 27. cxd4 Re4 28. f3 Rxf4 29. Rac1 a5 30. Rxc7 axb4 31. Bb3 Rb8 32. Re1 Ba6 33. Ree7 Bc4 34. Bxc4 dxc4 35. Rxc4 Ra8 36. Re2 Ra4 37. Rb2 Ra5 38. Rcxb4 Rd5 39. Kh2 Rfxd4 40. Rxd4 Rxd4 41. Rxb6 Ra4 42. Rb2 Kf6 43. Re2 Ra5 44. Kg3 h5 45. gxh5 Rxh5 46. a4 Ra5 47. Ra2 Ke5 48. Kg4 f6 49. Kg3 Kd4 50. Kf2 Kc4 51. Ke3 Kc3 52. Ke4 Kc4 53. Rc2+ Kb3 54. Rc6 Rxa4+ 55. Ke3 f5 56. Rxg6 f4+ 57. Kd3 Ra2 58. Ke4 Ra4+ 59. Ke5 Kc3 60. Rg4 Kd3 61. Rxf4 Ra5+ 62. Kf6 Ke3 63. Rf5 Ra6+ 64. Kg5 Ra8 65. g4 Rg8+ 66. Kh4 Rf8 67. Rxf8 1-0


[Site "https://www.chess.com"]

[Event "Titled Tuesday Blitz February 15 Early 2022"]
[White "Williams, Simon K"]
[Black "Nesterov, Arseniy"]
[WhiteFideId "404454"]
[BlackFideId "24198455"]
[WhiteElo "2468"]
[BlackElo "2489"]
[Result "1-0"]
[Round "02"]
[TimeControl "180+1"]
[Date "2022.02.15"]
[WhiteClock "0:00:05"]
[BlackClock "0:00:04"]

1. d4 d5 2. c4 e6 3. Nc3 Nf6 4. Nf3 c5 5. cxd5 cxd4 6. Nxd4 Nxd5 7. Bd2 Be7 8. g3 Bf6 9. Ndb5 O-O 10. Bg2 Nc6 11. O-O a6 12. Nxd5 exd5 13. Nc3 Be6 14. Rc1 Rc8 15. Bf4 d4 16. Ne4 Be7 17. Nc5 Bxc5 18. Rxc5 Bxa2 19. Qa4 Be6 20. Rfc1 Bg4 21. Qc2 Re8 22. Be4 h6 23. f3 Bd7 24. Qd2 Re6 25. Bd5 Rf6 26. h4 Qb6 27. Kg2 Re8 28. Be4 Rxe4 29. fxe4 Re6 30. e5 a5 31. Rd5 Be8 32. Rd6 Qb3 33. Qc2 Qb5 34. Rxe6 fxe6 35. Kh2 Bf7 36. Rd1 a4 37. Rd2 Qd5 38. Qd3 Nxe5 39. Bxe5 Qxe5 40. Qf3 b5 41. Qf4 Qd5 42. Qxd4 Qf5 43. Qd8+ Kh7 44. Qd3 Bg6 45. Qxf5 Bxf5 46. Rd6 b4 47. Rb6 a3 48. bxa3 bxa3 49. Ra6 Kg6 50. Rxa3 Kf6 51. Kg2 g5 52. hxg5+ hxg5 53. Kf3 Ke5 54. g4 Bg6 55. Ra5+ Kf6 56. e4 e5 57. Ra6+ Kf7 58. Ke3 Bh7 59. Kd3 Bg6 60. Ra5 Kf6 61. Ra1 Bh7 62. Re1 Ke6 63. Kc3 Bg6 64. Kc4 Be8 65. Kc5 Bg6 66. Re2 Bh7 67. Kc6 Bg6 68. Kc5 Bh7 69. Kc4 Bg6 70. Kd3 Kf6 71. Ra2 Bh7 72. Ra6+ Kf7 73. Ra7+ Kg6 74. Re7 Bg8 75. Rxe5 Kf6 76. Rf5+ Kg6 77. Kd4 Be6 78. Rb5 Bxg4 79. Ke5 Bf3 80. Rb6+ Kh5 81. Kf5 g4 82. e5 g3 83. Rb8 Kh4 84. Rh8+ Bh5 85. Rg8 Kh3 86. Kf4 g2 87. Ke3 Bg4 88. Kf2 Bf5 89. Rxg2 Bg4 90. Rg1 Kh4 91. Ke3 Kg5 92. Ke4 1-0


[Site "https://www.chess.com"]

[Event "Titled Tuesday Blitz February 15 Early 2022"]
[White "Wong, Yinn Long"]
[Black "Jakubowski, Krzysztof"]
[WhiteFideId "5707684"]
[BlackFideId "1112848"]
[WhiteElo "2055"]
[BlackElo "2365"]
[Result "1-0"]
[Round "02"]
[TimeControl "180+1"]
[Date "2022.02.15"]
[WhiteClock "0:00:09"]
[BlackClock "0:00:05"]

1. d4 Nf6 2. Bf4 d6 3. Nc3 Nbd7 4. Nf3 c5 5. d5 g6 6. Qd2 Bg7 7. Bh6 O-O 8. h4 b5 9. h5 b4 10. Nd1 Qa5 11. Bxg7 Kxg7 12. hxg6 fxg6 13. Qh6+ Kf7 14. Ng5+ Ke8 15. Nxh7 Nxh7 16. Qxg6+ Kd8 17. Rxh7 b3+ 18. c3 Nf6 19. Rh4 bxa2 20. Ne3 Rb8 21. Qc2 Bd7 22. g4 Ne4 23. f3 Ng3 24. Rh3 Nxf1 25. Kxf1 Bb5 26. Kf2 a6 27. b3 Qc7 28. c4 Bd7 29. Rxa2 Rb6 30. Qc3 Qb7 31. Rh8 Rxh8 32. Qxh8+ Kc7 33. g5 Rxb3 34. g6 Qb4 35. Rc2 1-0


[Site "https://www.chess.com"]

[Event "Titled Tuesday Blitz February 15 Early 2022"]
[White "Yuan, Qingyu"]
[Black "Topalov, Aleksandar"]
[WhiteFideId "8609772"]
[BlackFideId "925659"]
[WhiteElo "2359"]
[BlackElo "2098"]
[Result "1-0"]
[Round "02"]
[TimeControl "180+1"]
[Date "2022.02.15"]
[WhiteClock "0:01:18"]
[BlackClock "0:00:01"]

1. Nf3 Nf6 2. b3 g6 3. g3 Bg7 4. Bb2 O-O 5. Bg2 d6 6. d4 Nbd7 7. O-O e5 8. dxe5 Ng4 9. Qd2 Ngxe5 10. Nxe5 Nxe5 11. c4 Bd7 12. Bxb7 Rb8 13. Ba6 Rb6 14. Bb5 c6 15. Ba4 Nxc4 16. bxc4 Bxb2 17. Nc3 Bxa1 18. Rxa1 Be6 19. Ne4 d5 20. cxd5 cxd5 21. Nc5 Qe7 22. Nd3 Rfb8 23. Bc2 Qf6 24. Rd1 Rc8 25. Ba4 Qc3 26. Qg5 d4 27. h4 Bxa2 28. h5 Qa3 29. Bd7 Rf8 30. h6 1-0


[Site "https://www.chess.com"]

[Event "Titled Tuesday Blitz February 15 Early 2022"]
[White "Zavivaeva, Emilia"]
[Black "Hirneise, Jens"]
[WhiteFideId "34127531"]
[BlackFideId "24614734"]
[WhiteElo "1685"]
[BlackElo "2323"]
[Result "0-1"]
[Round "02"]
[TimeControl "180+1"]
[Date "2022.02.15"]
[WhiteClock "0:00:35"]
[BlackClock "0:00:55"]

1. e4 e5 2. Nf3 Nf6 3. Nxe5 d6 4. Nf3 Nxe4 5. Nc3 Nf6 6. d4 Be7 7. Be3 O-O 8. Bd3 Nbd7 9. h3 Re8 10. Qd2 d5 11. O-O-O c6 12. g4 b5 13. h4 b4 14. Ne2 Nb6 15. Ne5 Nxg4 16. Bg5 Nxf2 17. Nxc6 Qc7 18. Nxe7+ Rxe7 19. Bxe7 Qxe7 20. Nf4 Nxh1 21. Rxh1 Bg4 22. Re1 Qxh4 23. Qxb4 h5 24. Nxd5 Nxd5 25. Qb7 Qxe1# 0-1


[Site "https://www.chess.com"]

[Event "Titled Tuesday Blitz February 15 Early 2022"]
[White "Aaditya Dhingra"]
[Black "Tasev, Dejan"]
[WhiteFideId "25678191"]
[BlackFideId "936618"]
[WhiteElo "1789"]
[BlackElo "2253"]
[Result "0-1"]
[Round "03"]
[TimeControl "180+1"]
[Date "2022.02.15"]
[WhiteClock "0:00:04"]
[BlackClock "0:00:22"]

1. e4 c6 2. d4 d5 3. Nc3 dxe4 4. Nxe4 Bf5 5. Ng3 Bg6 6. h4 h6 7. Nf3 Nd7 8. h5 Bh7 9. Bd3 Bxd3 10. Qxd3 Ngf6 11. Bd2 e6 12. O-O-O a5 13. Ne4 Nxe4 14. Qxe4 Nf6 15. Qe2 a4 16. Kb1 a3 17. b3 Qd5 18. c4 Qf5+ 19. Ka1 Qc2 20. Rb1 Bb4 21. Qe3 Ng4 22. Qe1 Bxd2 23. Qxd2 Qxd2 24. Nxd2 Nxf2 25. Rhf1 Ng4 26. Ne4 O-O 27. Rf3 Rad8 28. Rd1 Ne5 29. Rff1 Nd7 30. Kb1 f5 31. Nd6 Nf6 32. Nxb7 Rde8 33. Nc5 Nxh5 34. Rfe1 Rf6 35. Nd7 Rg6 36. Rd2 Nf4 37. Ne5 Rxg2 38. Rxg2 Nxg2 39. Rg1 Nf4 40. Nxc6 g5 41. Ne5 g4 42. Nxg4 fxg4 43. Rxg4+ Kf7 44. Rxf4+ Kg6 45. Kc2 h5 46. c5 Kg5 47. Rf3 h4 48. c6 Rc8 49. Rc3 Kg4 50. b4 h3 51. Kb3 h2 52. Rc1 Rxc6 53. Rh1 Kg3 54. b5 Rd6 55. Kxa3 Rxd4 56. b6 Rd6 57. b7 Rb6 0-1


[Site "https://www.chess.com"]

[Event "Titled Tuesday Blitz February 15 Early 2022"]
[White "Abdrlauf, Elham"]
[Black "Alavi, Sayed Javad"]
[WhiteFideId "1533533"]
[BlackFideId "12500607"]
[WhiteElo "2334"]
[BlackElo "2475"]
[Result "1-0"]
[Round "03"]
[TimeControl "180+1"]
[Date "2022.02.15"]
[WhiteClock "0:01:51"]
[BlackClock "0:00:12"]

1. e4 e5 2. Nc3 Bc5 3. Bc4 d6 4. d3 Nc6 5. Na4 Nf6 6. Nxc5 dxc5 7. Ne2 Be6 8. Bxe6 fxe6 9. O-O Qd7 10. Be3 b6 11. h3 O-O-O 12. b3 Rhg8 13. f4 exf4 14. Nxf4 Rdf8 15. Qe2 Nd4 16. Bxd4 Qxd4+ 17. Qf2 Qe5 18. Qg3 Nd7 19. Ne2 Rf6 20. Qxe5 Nxe5 21. Rxf6 gxf6 22. Rf1 Rf8 23. g4 h6 24. Kg2 Kd7 25. Kg3 Ke7 26. Nf4 a5 27. Rd1 Nc6 28. Ng6+ Kf7 29. Nxf8 Kxf8 30. c3 Ke7 31. Rd2 Kd6 32. Kh4 Ne5 33. Kh5 1-0


[Site "https://www.chess.com"]

[Event "Titled Tuesday Blitz February 15 Early 2022"]
[White "Adury, Anant"]
[Black "Do Valle Cardoso, Lucas"]
[WhiteFideId "30964687"]
[BlackFideId "2163144"]
[WhiteElo "2319"]
[BlackElo "2357"]
[Result "1-0"]
[Round "03"]
[TimeControl "180+1"]
[Date "2022.02.15"]
[WhiteClock "0:01:42"]
[BlackClock "0:01:44"]

1. d4 d5 2. c4 dxc4 3. e3 e5 4. Bxc4 exd4 5. exd4 Nf6 6. Nf3 Bd6 7. Qe2+ Qe7 8. Qxe7+ Bxe7 9. O-O O-O 10. Nc3 a6 11. Re1 Bd6 12. Bg5 Nbd7 13. a4 h6 14. Be3 Ng4 15. Rad1 Nxe3 16. fxe3 c6 17. e4 b5 18. Bb3 Rb8 19. e5 Bc7 20. axb5 cxb5 21. d5 Nc5 22. Bc2 b4 23. Na4 b3 24. Bh7+ Kxh7 25. Nxc5 Bb6 26. Rc1 Bf5 27. Kh1 Bc2 28. Nxa6 Ra8 29. Ra1 Bd4 30. Nxd4 1-0


[Site "https://www.chess.com"]

[Event "Titled Tuesday Blitz February 15 Early 2022"]
[White "Agibileg, Uurtsaikh"]
[Black "Indjic, Aleksandar"]
[WhiteFideId "4901606"]
[BlackFideId "911925"]
[WhiteElo "2205"]
[BlackElo "2616"]
[Result "1-0"]
[Round "03"]
[TimeControl "180+1"]
[Date "2022.02.15"]
[WhiteClock "0:00:21"]
[BlackClock "0:00:02"]

1. d4 Nf6 2. c4 c5 3. d5 e6 4. Nc3 exd5 5. cxd5 d6 6. e4 g6 7. h3 Bg7 8. Nf3 O-O 9. Bd3 Re8 10. O-O Nbd7 11. Bf4 c4 12. Bc2 Nc5 13. Re1 b5 14. Nd4 b4 15. Nc6 Qb6 16. Na4 Nxa4 17. Bxa4 Rxe4 18. Bxd6 Bb7 19. Qf3 Rae8 20. Rxe4 Rxe4 21. Rd1 c3 22. bxc3 bxc3 23. Qxc3 Rxa4 24. Bc5 Qc7 25. Ne7+ Kh8 26. d6 Qa5 27. Qb3 Qxc5 28. Qxb7 h5 29. Qb8+ Kh7 30. d7 Rxa2 31. Rf1 Nxd7 32. Qg8+ Kh6 33. Qxf7 Ne5 34. Ng8+ Kh7 35. Nf6+ Kh6 36. Ng8+ Kh7 37. Qxa2 Qf8 38. Qxa7 Qxg8 39. Re1 Qf7 40. Qxf7 Nxf7 41. Re7 Nh6 42. g3 Nf5 43. Rd7 Kh6 44. Kg2 Nd4 45. f4 Ne6 46. Rf7 g5 47. f5 Nd4 48. f6 Bh8 49. Rf8 Kh7 50. f7 Bg7 51. Re8 Kg6 52. f8=Q Bxf8 53. Rxf8 Ne6 54. Rf1 g4 55. hxg4 hxg4 56. Kf2 Kf5 57. Ke3+ Ke5 58. Ra1 Kf6 59. Ra4 Kf5 60. Ra5+ Kf6 61. Ke4 Kg6 62. Re5 Kf6 63. Rf5+ Kg6 64. Ke5 Ng5 65. Kf4 1-0


[Site "https://www.chess.com"]

[Event "Titled Tuesday Blitz February 15 Early 2022"]
[White "Al Mukhaini, Shima"]
[Black "Ceres, Dragos"]
[WhiteFideId "22005854"]
[BlackFideId "13905864"]
[WhiteElo "2403"]
[BlackElo "2072"]
[Result "0-1"]
[Round "03"]
[TimeControl "180+1"]
[Date "2022.02.15"]
[WhiteClock "0:00:03"]
[BlackClock "0:00:24"]

1. d4 Nf6 2. c4 e6 3. Nc3 Bb4 4. e3 O-O 5. Ne2 c6 6. a3 Ba5 7. b4 Bc7 8. Bb2 d5 9. c5 e5 10. dxe5 Bxe5 11. Nd4 Re8 12. Be2 Nbd7 13. O-O Nf8 14. Qc2 Ng6 15. Nf5 Ne4 16. Ng3 Nxg3 17. hxg3 Qc7 18. Rad1 Bf6 19. Bd3 Bg4 20. Rde1 Re7 21. Ne2 Bxb2 22. Qxb2 Bxe2 23. Rxe2 Ne5 24. Rd1 Rae8 25. Bb1 g6 26. Ba2 Ng4 27. Red2 Rxe3 28. Qc2 Re1+ 29. Rxe1 Rxe1# 0-1


[Site "https://www.chess.com"]

[Event "Titled Tuesday Blitz February 15 Early 2022"]
[White "Andreikin, Dmitry"]
[Black "Csonka, Balazs"]
[WhiteFideId "4158814"]
[BlackFideId "742910"]
[WhiteElo "2736"]
[BlackElo "2404"]
[Result "1/2-1/2"]
[Round "03"]
[TimeControl "180+1"]
[Date "2022.02.15"]
[WhiteClock "0:00:34"]
[BlackClock "0:00:05"]

1. e4 e5 2. Nf3 Nc6 3. Nc3 Nf6 4. d4 exd4 5. Nxd4 Bb4 6. Nxc6 bxc6 7. Bd3 d5 8. Bd2 O-O 9. O-O Bxc3 10. Bxc3 dxe4 11. Bxf6 Qxf6 12. Bxe4 Qxb2 13. Bxc6 Rb8 14. Rb1 Qxb1 15. Qxb1 Rxb1 16. Rxb1 Rd8 17. Bf3 Kf8 18. Rb8 Re8 19. h3 Ba6 20. Rb4 Re5 21. Ra4 Be2 22. Ba8 a5 23. g4 Rc5 24. Be4 Bd1 25. Kg2 g6 26. Ra3 Bxc2 27. Bxc2 Rxc2 28. Rxa5 c5 29. a4 c4 30. Kf3 c3 31. Ke3 Ra2 32. Ra8+ Kg7 33. g5 h6 34. h4 hxg5 35. hxg5 c2 36. Kd2 Kh7 37. f4 Kg7 38. a5 Kh7 39. a6 Kg7 40. Ra7 Kg8 41. Kc1 Kg7 42. Ra8 Kh7 43. Kd2 Kg7 44. Ra7 Kg8 45. Rc7 Rxa6 46. Rxc2 Ra3 47. Rc3 Ra2+ 48. Ke3 Ra4 49. Rd3 Rb4 50. Rd4 Rb3+ 51. Ke4 Kg7 52. f5 gxf5+ 53. Kxf5 Rb5+ 54. Kg4 Ra5 55. Rd7 Rb5 56. Kh5 Ra5 57. Rc7 Rb5 58. Ra7 Rc5 1/2-1/2


[Site "https://www.chess.com"]

[Event "Titled Tuesday Blitz February 15 Early 2022"]
[White "Ankerst, Mihael"]
[Black "Sychev, Klementy"]
[WhiteFideId "14602369"]
[BlackFideId "4114060"]
[WhiteElo "2267"]
[BlackElo "2564"]
[Result "1-0"]
[Round "03"]
[TimeControl "180+1"]
[Date "2022.02.15"]
[WhiteClock "0:01:05"]
[BlackClock "0:00:06"]

1. e4 e5 2. Nf3 Nc6 3. Nc3 g6 4. d4 exd4 5. Nd5 Bg7 6. Bg5 Nce7 7. Bc4 c6 8. Nxe7 Nxe7 9. O-O h6 10. Bh4 O-O 11. Nxd4 g5 12. Bg3 d5 13. exd5 Nxd5 14. c3 Nb6 15. Bb3 Bd7 16. Re1 Kh8 17. Bd6 Re8 18. Bxf7 Rxe1+ 19. Qxe1 Qf6 20. Qe7 Qxe7 21. Bxe7 Na4 22. Ba3 Bf8 23. Bxf8 Rxf8 24. Bh5 c5 25. Nf3 Bf5 26. Re1 Nxb2 27. Re7 b6 28. Rxa7 Nc4 29. h3 Be4 30. Nh2 Bf5 31. Bg4 1-0


[Site "https://www.chess.com"]

[Event "Titled Tuesday Blitz February 15 Early 2022"]
[White "Aradhya, Garg"]
[Black "Fernandez, Michael"]
[WhiteFideId "25006746"]
[BlackFideId "5803560"]
[WhiteElo "2169"]
[BlackElo "2110"]
[Result "1-0"]
[Round "03"]
[TimeControl "180+1"]
[Date "2022.02.15"]
[WhiteClock "0:02:10"]
[BlackClock "0:01:52"]

1. d4 b5 2. e4 Bb7 3. Bd3 e6 4. Nf3 a6 5. O-O d6 6. a4 Nd7 7. Nbd2 c6 8. Re1 Ngf6 9. c3 Be7 10. e5 dxe5 11. dxe5 Nd5 12. Ne4 Nc5 13. Nxc5 Bxc5 14. Qe2 Qc7 15. h4 h6 16. b4 Be7 17. Bd2 O-O 18. Qe4 g6 19. h5 c5 20. hxg6 1-0


[Site "https://www.chess.com"]

[Event "Titled Tuesday Blitz February 15 Early 2022"]
[White "Arngrimsson, Dagur"]
[Black "Golsta, Madara"]
[WhiteFideId "2301288"]
[BlackFideId "11607386"]
[WhiteElo "2286"]
[BlackElo "1997"]
[Result "0-1"]
[Round "03"]
[TimeControl "180+1"]
[Date "2022.02.15"]
[WhiteClock "0:00:03"]
[BlackClock "0:00:12"]

1. e4 c5 2. Nf3 d6 3. d4 cxd4 4. Nxd4 Nf6 5. Nc3 g6 6. Be3 Bg7 7. f3 Nc6 8. Qd2 O-O 9. Bc4 Bd7 10. O-O-O Rb8 11. Kb1 Na5 12. Bb3 b5 13. Nd5 Nc4 14. Bxc4 bxc4 15. Nxf6+ Bxf6 16. h4 Qc7 17. c3 a5 18. h5 a4 19. a3 d5 20. Bg5 dxe4 21. Bxf6 exf6 22. fxe4 Bg4 23. Nf3 Rb3 24. hxg6 fxg6 25. Qd5+ Kh8 26. Nh4 Kg7 27. Rd2 Rfb8 28. Ka2 Qb6 29. Nf5+ Bxf5 30. exf5 Rxa3+ 0-1


[Site "https://www.chess.com"]

[Event "Titled Tuesday Blitz February 15 Early 2022"]
[White "Atakhan, Abtin"]
[Black "Kujawski, Adam"]
[WhiteFideId "22502203"]
[BlackFideId "1100920"]
[WhiteElo "2119"]
[BlackElo "2053"]
[Result "1-0"]
[Round "03"]
[TimeControl "180+1"]
[Date "2022.02.15"]
[WhiteClock "0:01:26"]
[BlackClock "0:00:26"]

1. e4 e5 2. Nf3 Nc6 3. Bb5 a6 4. Ba4 Nf6 5. O-O b5 6. Bb3 Be7 7. Re1 d6 8. c3 O-O 9. h3 Nb8 10. d4 Nbd7 11. Nbd2 Bb7 12. Bc2 Re8 13. Nf1 Bf8 14. Ng3 g6 15. a4 c5 16. d5 c4 17. Bg5 h6 18. Be3 Kh7 19. Nh2 Nc5 20. Rf1 Nfd7 21. Ng4 Qh4 22. Kh2 h5 23. Bxc5 Nxc5 24. Ne3 Qg5 25. Qe1 Bh6 26. Qd1 h4 27. Ne2 Nxe4 28. Bxe4 Qf4+ 29. Nxf4 1-0


[Site "https://www.chess.com"]

[Event "Titled Tuesday Blitz February 15 Early 2022"]
[White "Avazkhonov, Alikhon"]
[Black "Altucher, James"]
[WhiteFideId "14208504"]
[BlackFideId "30987458"]
[WhiteElo "1739"]
[BlackElo "2180"]
[Result "1-0"]
[Round "03"]
[TimeControl "180+1"]
[Date "2022.02.15"]
[WhiteClock "0:00:20"]
[BlackClock "0:00:01"]

1. c4 g6 2. Nc3 Bg7 3. g3 Nf6 4. Bg2 O-O 5. e4 d6 6. Nge2 c6 7. O-O Qa5 8. d3 Qh5 9. f4 Bh3 10. Bxh3 Qxh3 11. Rf2 Ng4 12. Rg2 Nd7 13. Kh1 f5 14. Ng1 Qh5 15. Nf3 Bxc3 16. bxc3 e5 17. Qe2 Rae8 18. fxe5 Ndxe5 19. Nxe5 Rxe5 20. Bf4 Ree8 21. Bxd6 Rf6 22. Bc5 fxe4 23. Bd4 Rfe6 24. Rf1 exd3 25. Qf3 R6e7 26. Qxd3 Re1 27. Qf3 Rxf1+ 28. Qxf1 Rf8 29. Qb1 Qg5 30. h3 1-0


[Site "https://www.chess.com"]

[Event "Titled Tuesday Blitz February 15 Early 2022"]
[White "Baches Garcia, Guillermo"]
[Black "Kett, Tim"]
[WhiteFideId "2209764"]
[BlackFideId "1801210"]
[WhiteElo "2460"]
[BlackElo "2098"]
[Result "1/2-1/2"]
[Round "03"]
[TimeControl "180+1"]
[Date "2022.02.15"]
[WhiteClock "0:00:20"]
[BlackClock "0:00:23"]

1. e4 e5 2. Nf3 Nc6 3. Nc3 Nf6 4. d4 exd4 5. Nxd4 Bb4 6. Nxc6 bxc6 7. Bd3 d5 8. Bd2 dxe4 9. Nxe4 Bxd2+ 10. Qxd2 Nxe4 11. Bxe4 Qxd2+ 12. Kxd2 Bb7 13. Rad1 O-O-O+ 14. Kc3 c5 15. Bxb7+ Kxb7 16. b3 Kc6 17. Rhe1 Rxd1 18. Rxd1 Re8 19. Rd2 Re1 20. h4 f5 21. g3 h6 22. Kd3 g5 23. hxg5 hxg5 24. Re2 Rf1 25. Kc4 Kd6 26. Rd2+ Ke5 27. Kxc5 f4 28. gxf4+ Kxf4 29. Kc6 g4 30. Kxc7 Kf3 31. c4 Rxf2 32. Rxf2+ Kxf2 33. c5 g3 34. c6 g2 35. Kb7 g1=Q 36. c7 Qg7 37. Kb8 Qe5 38. Kb7 Qb5+ 39. Kc8 a5 40. Kd8 Qd5+ 41. Ke7 Qc6 42. Kd8 Qd6+ 43. Kc8 Ke3 44. Kb7 Qd7 45. Kb8 Qb5+ 46. Ka7 Qc6 47. Kb8 Qb6+ 48. Kc8 Kd4 49. Kd7 Qb7 50. Kd8 Qb6 51. Kd7 Qb5+ 52. Kd8 Qb6 53. Kd7 1/2-1/2


[Site "https://www.chess.com"]

[Event "Titled Tuesday Blitz February 15 Early 2022"]
[White "Balint, Vilmos"]
[Black "Jaferian, Koosha"]
[WhiteFideId "718050"]
[BlackFideId "12507440"]
[WhiteElo "2059"]
[BlackElo "2027"]
[Result "1-0"]
[Round "03"]
[TimeControl "180+1"]
[Date "2022.02.15"]
[WhiteClock "0:00:29"]
[BlackClock "0:00:07"]

1. e4 c6 2. d4 d5 3. e5 Bf5 4. Nf3 Be6 5. Be2 Bg4 6. O-O e6 7. c4 dxc4 8. Nbd2 Ne7 9. Nxc4 Nf5 10. Be3 Be7 11. h3 Bxf3 12. Bxf3 O-O 13. Be4 Nd7 14. Qc2 g6 15. Rac1 Nb6 16. Na5 Qd7 17. Rfd1 Rab8 18. Nb3 Nd5 19. Bd2 Rfd8 20. Be1 Bf8 21. Ba5 b6 22. Be1 Rbc8 23. g4 Nfe7 24. Bd2 Bg7 25. Bg5 c5 26. dxc5 Bxe5 27. Bxd5 exd5 28. Qe2 f6 29. cxb6 axb6 30. Be3 Qe6 31. Qb5 h5 32. Qxb6 Rd6 33. Rxc8+ Nxc8 34. Qb7 hxg4 35. Nc5 Qf5 36. Rxd5 Rxd5 37. Qxd5+ Kg7 38. Qd7+ Qxd7 39. Nxd7 Bxb2 40. hxg4 Kf7 41. a4 Bc3 42. Nc5 Ke7 43. Nb3 Nd6 44. a5 Bxa5 45. Nxa5 Ne4 46. Nc4 f5 47. g5 Ke6 48. f4 Nc3 49. Ne5 Nd5 50. Kf2 Ne7 51. Kf3 Nd5 52. Nxg6 Kf7 53. Ne5+ Ke7 54. Bd4 Ke6 55. Nd3 Nc7 56. Be5 Nb5 57. Nc5+ Kd5 58. Nb3 Na3 59. Nd4 Nc4 60. Nxf5 Ke6 61. Ne3 Nd2+ 62. Ke2 Ne4 63. Kf3 Nxg5+ 64. fxg5 Kxe5 65. Kg4 Ke6 66. Kh5 Kf7 67. Kh6 Kg8 68. Kg6 1-0


[Site "https://www.chess.com"]

[Event "Titled Tuesday Blitz February 15 Early 2022"]
[White "Barp, Alberto"]
[Black "Bugayev, Vladimir"]
[WhiteFideId "872555"]
[BlackFideId "30901480"]
[WhiteElo "2229"]
[BlackElo "2390"]
[Result "0-1"]
[Round "03"]
[TimeControl "180+1"]
[Date "2022.02.15"]
[WhiteClock "0:00:03"]
[BlackClock "0:00:38"]

1. d4 Nf6 2. c4 c5 3. d5 b5 4. cxb5 a6 5. b6 d6 6. Nc3 g6 7. e4 Bg7 8. Nf3 Nbd7 9. Be2 Qxb6 10. O-O O-O 11. Nd2 Qc7 12. a4 a5 13. Re1 Ba6 14. Bxa6 Rxa6 15. Nb5 Qb8 16. Ra3 Nb6 17. Qc2 Ne8 18. h4 h5 19. Nf3 Nc7 20. Bg5 Nxb5 21. axb5 Ra7 22. b3 Rc8 23. Nd2 Bd4 24. Be3 Bf6 25. g3 Qa8 26. Re2 a4 27. bxa4 Rxa4 28. Rxa4 Qxa4 29. Qxa4 Nxa4 30. Nc4 Rb8 31. b6 Nxb6 32. Na5 Ra8 33. Nc6 Ra4 34. e5 Bg7 35. Nxe7+ Kf8 36. exd6 Nd7 37. Rc2 Be5 38. Bxc5 Nxc5 39. Rxc5 Bxd6 0-1


[Site "https://www.chess.com"]